[Event "39th Olympiad Khanty-Mansiysk 2010"]
[Site "Khanty-Mansiysk/Russia"]
[Date "2010.09.22"]
[Round "1"]
[White "Jumabayev, Rinat"]
[Black "Godena, Michele"]
[Result "0-1"]
[WhiteElo "2547"]
[BlackElo "2551"]
[PlyCount "108"]
[EventDate "2010.??.??"]
[WhiteTeam "Kazakhstan"]
[BlackTeam "Italy"]
[WhiteTeamCountry "KAZ"]
[BlackTeamCountry "ITA"]
[TimeControl "40/5400+30:1800+30"]

1. Nf3 d5 2. d4 Nf6 3. c4 dxc4 4. e3 a6 5. Bxc4 b5 6. Bb3 Bb7 7. a4 Nbd7 8. O-O
e6 9. Qe2 Be7 10. Nbd2 O-O 11. Rd1 Qb8 12. e4 c5 13. e5 Nd5 14. Ne4 cxd4 15.
Bg5 Bxg5 16. Nexg5 Nf4 17. Qc2 Ng6 18. Nxd4 Ndxe5 19. Ndxe6 fxe6 20. Bxe6+ Kh8
21. Ra3 h6 22. Rh3 Qe8 23. Re1 Qc6 24. Nf7+ Rxf7 25. Qxc6 Bxc6 26. Bxf7 Nxf7
27. Rc3 Be8 28. a5 Kg8 29. b4 Nge5 30. Rc7 Kf8 31. f4 Nc6 32. Re4 Ra7 33. Rxe8+
Kxe8 34. Rxc6 Rd7 35. Re6+ Kf8 36. Rxa6 Rd4 37. Rb6 Rxb4 38. g3 Rb2 39. Rb7 Ra2
40. Rxb5 Nd6 41. Rb8+ Kf7 42. Ra8 Nb5 43. a6 Kg6 44. Kf1 Nc7 45. Ra7 Nxa6 46.
Kg1 Nb4 47. Rd7 Re2 48. h3 Nc2 49. g4 Ne3 50. Kh1 Ng2 51. Rd4 Nh4 52. Rd6+ Kh7
53. g5 hxg5 54. fxg5 Nf3 0-1

[Event "39th Olympiad Khanty-Mansiysk 2010"]
[Site "Khanty-Mansiysk/Russia"]
[Date "2010.09.22"]
[Round "1"]
[White "Sulskis, Sarunas"]
[Black "Ftacnik, Lubomir"]
[Result "1/2-1/2"]
[WhiteElo "2544"]
[BlackElo "2568"]
[PlyCount "133"]
[EventDate "2010.??.??"]
[WhiteTeam "Lithuania"]
[BlackTeam "Slovakia"]
[WhiteTeamCountry "LTU"]
[BlackTeamCountry "SVK"]
[TimeControl "40/5400+30:1800+30"]

1. e4 c5 2. Nf3 d6 3. d4 cxd4 4. Nxd4 Nf6 5. Nc3 a6 6. Bc4 e6 7. Bb3 Nbd7 8. f4
Nc5 9. Qf3 Be7 10. Be3 Qc7 11. f5 O-O 12. g4 b5 13. g5 Nfxe4 14. Nxe4 Bb7 15.
fxe6 Bxe4 16. exf7+ Kh8 17. Qh3 Bxg5 18. Rf1 Bxe3 19. Qxe3 d5 20. Qf4 Qxf4 21.
Rxf4 Ra7 22. a4 g5 23. Rf6 Raxf7 24. Rxf7 Rxf7 25. axb5 axb5 26. Nxb5 Nxb3 27.
cxb3 Rf3 28. Nd4 Rh3 29. b4 Rxh2 30. Ra2 Rh6 31. b5 Rb6 32. Ra6 Rb8 33. b6 Bd3
34. Ra3 Bc4 35. b3 Rxb6 36. bxc4 dxc4 37. Ra4 Kg7 38. Rxc4 Kf6 39. Kf2 h6 40.
Kg3 Kg6 41. Rc3 Rf6 42. Nf3 Re6 43. Rc5 Re3 44. Rc6+ Kg7 45. Rd6 Ra3 46. Kf2 g4
47. Nh4 h5 48. Kg2 Rh3 49. Nf5+ Kf7 50. Ng3 Kg7 51. Rc6 Kf7 52. Rb6 Kg7 53. Ra6
Kf7 54. Ne4 Re3 55. Nd6+ Kf6 56. Ne4+ Kf7 57. Nf2 Kg7 58. Rd6 Re2 59. Kf1 Re3
60. Rc6 Kh7 61. Kg2 Kg7 62. Ra6 Kh7 63. Rf6 Kg7 64. Rf4 Kg6 65. Ne4 Rf3 66.
Rxf3 gxf3+ 67. Kg3 1/2-1/2

[Event "39th Olympiad Khanty-Mansiysk 2010"]
[Site "Khanty-Mansiysk/Russia"]
[Date "2010.09.22"]
[Round "1"]
[White "Gonzalez Garcia, Jose"]
[Black "Stanojoski, Zvonko"]
[Result "1-0"]
[WhiteElo "2543"]
[BlackElo "2485"]
[PlyCount "82"]
[EventDate "2010.??.??"]
[WhiteTeam "Mexico"]
[BlackTeam "MKD"]
[WhiteTeamCountry "MEX"]
[TimeControl "40/5400+30:1800+30"]

1. d4 d5 2. c4 c6 3. Nf3 e6 4. e3 Nf6 5. b3 Nbd7 6. Bb2 Bd6 7. Bd3 O-O 8. O-O
Qe7 9. Ne5 c5 10. Nd2 h6 11. f4 cxd4 12. exd4 Ba3 13. Bxa3 Qxa3 14. c5 a5 15.
Qe1 a4 16. Ndc4 dxc4 17. Nxc4 axb3 18. Nxa3 b2 19. Rb1 Rxa3 20. Bc4 Ra4 21. Qc3
Nb8 22. Bb3 Ra7 23. Rxb2 Nc6 24. f5 exf5 25. d5 Na5 26. Re2 Rd8 27. Re5 Bd7 28.
Qb4 Nxb3 29. axb3 Rda8 30. h3 Kh7 31. Qd4 Ra3 32. Re7 Rxb3 33. Rxf7 Kg6 34.
Rxd7 Nxd7 35. Qf4 Nf6 36. Qxf5+ Kf7 37. Qe6+ Kg6 38. d6 Rb2 39. d7 Rd2 40.
Rxf6+ gxf6 41. Qe8+ Kg7 1-0

[Event "39th Olympiad Khanty-Mansiysk 2010"]
[Site "Khanty-Mansiysk/Russia"]
[Date "2010.09.22"]
[Round "1"]
[White "Matamoros, Franco Carlos"]
[Black "Cuartas Medina, Jaime Ale"]
[Result "1/2-1/2"]
[WhiteElo "2542"]
[BlackElo "2529"]
[PlyCount "43"]
[EventDate "2010.??.??"]
[WhiteTeam "Ecuador"]
[BlackTeam "Colombia"]
[WhiteTeamCountry "ECU"]
[BlackTeamCountry "COL"]
[TimeControl "40/5400+30:1800+30"]

1. c4 c6 2. g3 d5 3. Nf3 Nf6 4. Bg2 Bg4 5. Ne5 Be6 6. cxd5 Bxd5 7. Nf3 c5 8.
Nc3 Bc6 9. O-O Nbd7 10. d4 e6 11. Be3 a6 12. Rc1 Be7 13. dxc5 Bxc5 14. Bxc5
Nxc5 15. Qxd8+ Rxd8 16. Ne5 Bxg2 17. Kxg2 O-O 18. Rfd1 Rxd1 19. Nxd1 Nce4 20.
f3 Nd6 21. e4 Rd8 22. Kf2 1/2-1/2

[Event "39th Olympiad Khanty-Mansiysk 2010"]
[Site "Khanty-Mansiysk/Russia"]
[Date "2010.09.22"]
[Round "1"]
[White "Lahno, Kateryna"]
[Black "Heinatz, Gundula"]
[Result "1-0"]
[WhiteElo "2539"]
[BlackElo "2228"]
[PlyCount "55"]
[EventDate "2010.??.??"]
[WhiteTeam "Ukraine"]
[BlackTeam "Switzerland"]
[WhiteTeamCountry "UKR"]
[BlackTeamCountry "SUI"]
[TimeControl "40/5400+30:1800+30"]

1. e4 c5 2. Nf3 d6 3. d4 cxd4 4. Nxd4 Nf6 5. Nc3 g6 6. Be3 Bg7 7. f3 Nc6 8. Qd2
O-O 9. O-O-O Qa5 10. Kb1 Re8 11. h4 h5 12. Nb3 Qd8 13. Bh6 Be6 14. g4 Ne5 15.
Nd4 Qd7 16. Bb5 Nc6 17. Bxg7 Kxg7 18. Nf5+ Bxf5 19. gxf5 a6 20. Bxc6 Qxc6 21.
Rhg1 Rg8 22. Qg5 Kh7 23. Nd5 Nxd5 24. exd5 Qd7 25. fxg6+ fxg6 26. Rde1 Rg7 27.
Re6 Rag8 28. f4 1-0

[Event "39th Olympiad Khanty-Mansiysk 2010"]
[Site "Khanty-Mansiysk/Russia"]
[Date "2010.09.22"]
[Round "1"]
[White "Esen, Baris"]
[Black "Al-Sayed, Mohammed"]
[Result "1/2-1/2"]
[WhiteElo "2538"]
[BlackElo "2495"]
[PlyCount "65"]
[EventDate "2010.??.??"]
[WhiteTeam "Turkey"]
[BlackTeam "Qatar"]
[WhiteTeamCountry "TUR"]
[BlackTeamCountry "QAT"]
[TimeControl "40/5400+30:1800+30"]

1. d4 d5 2. c4 c6 3. Nf3 Nf6 4. Nc3 e6 5. e3 Nbd7 6. Bd3 dxc4 7. Bxc4 b5 8. Bd3
a6 9. e4 c5 10. e5 cxd4 11. Nxb5 axb5 12. exf6 gxf6 13. O-O Qb6 14. Qe2 Bb7 15.
Bf4 Bd6 16. Bxd6 Qxd6 17. Be4 Bxe4 18. Qxe4 O-O 19. Nxd4 Ra4 20. Nxb5 Qa6 21.
Qe2 Rb4 22. a4 Rxa4 23. Rxa4 Qxa4 24. Nc3 Qb4 25. Rd1 Ne5 26. h3 Kg7 27. Ne4
Rb8 28. Rd2 Qc4 29. Qe3 Qc1+ 30. Kh2 Rxb2 31. Qf4 Rxd2 32. Qxf6+ Kg8 33. Qg5+
1/2-1/2

[Event "39th Olympiad Khanty-Mansiysk 2010"]
[Site "Khanty-Mansiysk/Russia"]
[Date "2010.09.22"]
[Round "1"]
[White "Kurajica, Bojan"]
[Black "McShane, Luke J"]
[Result "1/2-1/2"]
[WhiteElo "2535"]
[BlackElo "2657"]
[PlyCount "60"]
[EventDate "2010.??.??"]
[WhiteTeam "Bosnia  Herzegovina"]
[BlackTeam "England"]
[WhiteTeamCountry "BIH"]
[BlackTeamCountry "ENG"]
[TimeControl "40/5400+30:1800+30"]

1. Nf3 g6 2. e4 Bg7 3. d4 d6 4. g3 c5 5. Bg2 Qb6 6. dxc5 Qxc5 7. O-O Nc6 8. c3
Nf6 9. Nd4 Bd7 10. h3 Qh5 11. Be3 Qxd1 12. Rxd1 O-O 13. c4 Rfc8 14. b3 a6 15.
a4 Nxd4 16. Bxd4 Bc6 17. e5 dxe5 18. Bxe5 Bxg2 19. Kxg2 Ne4 20. Bxg7 Kxg7 21.
Nd2 Nc5 22. b4 Nd3 23. Rab1 Rd8 24. Nb3 Rd7 25. Kf1 Rad8 26. Na5 e5 27. c5 e4
28. c6 bxc6 29. Nxc6 Rc8 30. b5 axb5 1/2-1/2

[Event "39th Olympiad Khanty-Mansiysk 2010"]
[Site "Khanty-Mansiysk/Russia"]
[Date "2010.09.22"]
[Round "1"]
[White "Muzychuk, Anna"]
[Black "Houska, Jovanka"]
[Result "1/2-1/2"]
[WhiteElo "2535"]
[BlackElo "2426"]
[PlyCount "45"]
[EventDate "2010.??.??"]
[WhiteTeam "Slovenia"]
[BlackTeam "England"]
[WhiteTeamCountry "SLO"]
[BlackTeamCountry "ENG"]
[TimeControl "40/5400+30:1800+30"]

1. e4 c6 2. d4 d5 3. Nc3 dxe4 4. Nxe4 Bf5 5. Ng3 Bg6 6. h4 h6 7. Nf3 Nd7 8. h5
Bh7 9. Bd3 Bxd3 10. Qxd3 e6 11. Bd2 Ngf6 12. O-O-O Be7 13. Ne4 Nxe4 14. Qxe4
Nf6 15. Qe2 O-O 16. Ne5 Qxd4 17. Bxh6 Qa4 18. Ng6 gxh6 19. Nxe7+ Kg7 20. Qe5
Rfd8 21. a3 Qb5 22. Ng6 Rd5 23. Rxd5 1/2-1/2

[Event "39th Olympiad Khanty-Mansiysk 2010"]
[Site "Khanty-Mansiysk/Russia"]
[Date "2010.09.22"]
[Round "1"]
[White "Mahjoob, Morteza"]
[Black "Hracek, Zbynek"]
[Result "0-1"]
[WhiteElo "2529"]
[BlackElo "2633"]
[PlyCount "101"]
[EventDate "2010.??.??"]
[WhiteTeam "Iran"]
[BlackTeam "Czech Republic"]
[WhiteTeamCountry "IRI"]
[BlackTeamCountry "CZE"]
[TimeControl "40/5400+30:1800+30"]

1. d4 Nf6 2. Nf3 e6 3. c4 c5 4. e3 g6 5. Be2 Bg7 6. O-O O-O 7. dxc5 Na6 8. Nd4
Nxc5 9. b4 Na6 10. Ba3 b6 11. Nc3 Bb7 12. Rc1 Qe7 13. Ndb5 Ne8 14. c5 Nac7 15.
Bf3 Bc6 16. Qe2 bxc5 17. bxc5 Nxb5 18. Nxb5 Qd8 19. Nd4 Bxd4 20. exd4 Nc7 21.
Rfe1 Rb8 22. d5 Nxd5 23. Bxd5 Bxd5 24. c6 Bxc6 25. Bxf8 Qxf8 26. Qe3 Qb4 27. h3
a5 28. Rc3 a4 29. Rd1 Qb7 30. Qg3 Ra8 31. a3 Ra5 32. Rd4 Rb5 33. Kh2 Rb2 34.
Rd6 Qb6 35. Re3 Qc5 36. Rdd3 Qc2 37. f3 Qf2 38. Qxf2 Rxf2 39. Rd4 Kg7 40. h4 h6
41. Rb4 f5 42. Rc3 g5 43. h5 Rd2 44. Rb6 Kf6 45. Rb8 g4 46. Kg3 e5 47. Rf8+ Kg5
48. Rc5 f4+ 49. Kh2 Bxf3 50. Rxe5+ Kh4 51. Kg1 0-1

[Event "39th Olympiad Khanty-Mansiysk 2010"]
[Site "Khanty-Mansiysk/Russia"]
[Date "2010.09.22"]
[Round "1"]
[White "Gomez, John Paul"]
[Black "Salgado Lopez, Ivan"]
[Result "0-1"]
[WhiteElo "2527"]
[BlackElo "2595"]
[PlyCount "44"]
[EventDate "2010.??.??"]
[WhiteTeam "Philippines"]
[BlackTeam "Espana"]
[WhiteTeamCountry "PHI"]
[BlackTeamCountry "ESP"]
[TimeControl "40/5400+30:1800+30"]

1. d4 d5 2. c4 c6 3. Nf3 Nf6 4. e3 g6 5. Nc3 Bg7 6. Be2 O-O 7. O-O Be6 8. b3
Ne4 9. Nxe4 dxe4 10. Ng5 Bf5 11. g4 e5 12. Nxf7 Rxf7 13. gxf5 exd4 14. fxg6
hxg6 15. exd4 c5 16. Bg4 Nc6 17. Be6 Qh4 18. Bxf7+ Kxf7 19. f3 Bxd4+ 20. Kh1
Rh8 21. fxe4+ Ke8 22. Bf4 g5 0-1

[Event "39th Olympiad Khanty-Mansiysk 2010"]
[Site "Khanty-Mansiysk/Russia"]
[Date "2010.09.22"]
[Round "1"]
[White "Smerdon, David"]
[Black "Akopian, Vladimir"]
[Result "1/2-1/2"]
[WhiteElo "2526"]
[BlackElo "2691"]
[PlyCount "43"]
[EventDate "2010.??.??"]
[WhiteTeam "Australia"]
[BlackTeam "Armenia"]
[WhiteTeamCountry "AUS"]
[BlackTeamCountry "ARM"]
[TimeControl "40/5400+30:1800+30"]

1. e4 e6 2. d4 d5 3. e5 c5 4. c3 Nc6 5. Nf3 Qb6 6. Bd3 cxd4 7. cxd4 Bd7 8. O-O
Nxd4 9. Nbd2 Bc5 10. Nxd4 Bxd4 11. Nf3 Ne7 12. Nxd4 Qxd4 13. Re1 Nc6 14. Be3
Qxe5 15. Qd2 d4 16. Bh6 Qh5 17. Bxg7 Rg8 18. Bf6 Rxg2+ 19. Kxg2 Qg4+ 20. Kf1
Qh3+ 21. Kg1 Qg4+ 22. Kf1 1/2-1/2

[Event "39th Olympiad Khanty-Mansiysk 2010"]
[Site "Khanty-Mansiysk/Russia"]
[Date "2010.09.22"]
[Round "1"]
[White "Kosteniuk, Alexandra"]
[Black "Dengler, Dijana"]
[Result "1-0"]
[WhiteElo "2524"]
[BlackElo "2088"]
[PlyCount "107"]
[EventDate "2010.??.??"]
[WhiteTeam "RU1"]
[BlackTeam "Bosnia  Herzegovina"]
[BlackTeamCountry "BIH"]
[TimeControl "40/5400+30:1800+30"]

1. e4 e6 2. d4 d5 3. Nc3 Nf6 4. Bg5 Bb4 5. e5 h6 6. Bc1 Ne4 7. Qg4 g6 8. Nge2
Nxc3 9. Nxc3 c5 10. a3 cxd4 11. axb4 dxc3 12. bxc3 Qc7 13. Qg3 Nc6 14. f4 d4
15. b5 Ne7 16. c4 Nf5 17. Qf3 h5 18. Bd3 a6 19. O-O O-O 20. Bd2 Bd7 21. Ba5 Qc8
22. Rfb1 axb5 23. cxb5 Ne3 24. Qe4 Qc5 25. Ra4 Nd5 26. Rc4 Qa7 27. Bd2 Qa2 28.
Qe1 Qa7 29. Qf2 Qa2 30. Rb3 Qa1+ 31. Qf1 Ne3 32. Bxe3 dxe3 33. Rb1 Qa5 34. Rd4
Rfd8 35. Qe2 Qa2 36. Rdb4 Ra5 37. Qxe3 Be8 38. Qb6 Rd7 39. Qc5 Ra8 40. h3 Qa5
41. Qe3 Rad8 42. Kh2 Rd5 43. Be2 Qc7 44. Bf3 Rd2 45. Be4 R2d7 46. Ra1 h4 47. b6
Qb8 48. Ra7 g5 49. Bf3 Qc8 50. fxg5 Qxc2 51. Rxh4 Rd3 52. Qe4 Bc6 53. Qh7+ Kf8
54. Qh8+ 1-0

[Event "39th Olympiad Khanty-Mansiysk 2010"]
[Site "Khanty-Mansiysk/Russia"]
[Date "2010.09.22"]
[Round "1"]
[White "Dao, Thien Hai"]
[Black "Guseinov, Gadir"]
[Result "1/2-1/2"]
[WhiteElo "2520"]
[BlackElo "2611"]
[PlyCount "87"]
[EventDate "2010.??.??"]
[WhiteTeam "Vietnam"]
[BlackTeam "Azerbaijan"]
[WhiteTeamCountry "VIE"]
[BlackTeamCountry "AZE"]
[TimeControl "40/5400+30:1800+30"]

1. d4 Nf6 2. c4 g6 3. Nc3 Bg7 4. e4 d6 5. h3 O-O 6. Nf3 c5 7. d5 e6 8. Bd3 exd5
9. exd5 Re8+ 10. Kf1 a6 11. a4 Nbd7 12. g4 Ne5 13. Nxe5 Rxe5 14. Kg2 h5 15. f3
Re8 16. Bg5 Nxg4 17. Qd2 Nf6 18. f4 Qc7 19. f5 Nh7 20. fxg6 Nxg5 21. Qxg5 Re5
22. Qg3 Bf5 23. Bxf5 Rxf5 24. Rhf1 Qd7 25. Rxf5 Qxf5 26. gxf7+ Qxf7 27. Rf1 Qe7
28. Qg6 Rf8 29. Rxf8+ Qxf8 30. Qxh5 Bxc3 31. bxc3 Qf6 32. Qf3 Qe7 33. Qg4+ Kh8
34. Qh5+ Kg7 35. Kf2 Qf6+ 36. Qf3 Qe7 37. Qf4 Qc7 38. Qg5+ Kh7 39. Qf5+ Kg7 40.
Qe6 Qb6 41. Kg3 Qb3 42. Qe7+ Kg8 43. Qe8+ Kg7 44. Qe7+ 1/2-1/2

[Event "39th Olympiad Khanty-Mansiysk 2010"]
[Site "Khanty-Mansiysk/Russia"]
[Date "2010.09.22"]
[Round "1"]
[White "Miezis, Normunds"]
[Black "Luther, Thomas"]
[Result "1-0"]
[WhiteElo "2519"]
[BlackElo "2545"]
[PlyCount "71"]
[EventDate "2010.??.??"]
[WhiteTeam "Latvia"]
[BlackTeam "IPC"]
[WhiteTeamCountry "LAT"]
[TimeControl "40/5400+30:1800+30"]

1. c4 e6 2. e4 d5 3. exd5 exd5 4. d4 Nf6 5. Nc3 Bb4 6. Bd3 O-O 7. Nge2 dxc4 8.
Bxc4 c5 9. a3 Bxc3+ 10. bxc3 cxd4 11. cxd4 Be6 12. Bd3 Bf5 13. O-O Bxd3 14.
Qxd3 Nbd7 15. Qf3 b5 16. Ng3 Re8 17. Nf5 Nf8 18. Rd1 Nd5 19. h4 Ng6 20. Bg5 f6
21. Bd2 Nge7 22. Ng3 Rc8 23. h5 h6 24. Re1 Qd7 25. Re4 Rc2 26. Rd1 Rec8 27. Kh2
Kh8 28. Re2 Nc3 29. Bxc3 R2xc3 30. Qe4 Nd5 31. Rde1 Rg8 32. Nf5 Qf7 33. Kg1
Rcc8 34. Nd6 Qxh5 35. g4 f5 36. Qxd5 1-0

[Event "39th Olympiad Khanty-Mansiysk 2010"]
[Site "Khanty-Mansiysk/Russia"]
[Date "2010.09.22"]
[Round "1"]
[White "Gallagher, Joseph"]
[Black "Rasmussen, Allan Stig"]
[Result "1/2-1/2"]
[WhiteElo "2517"]
[BlackElo "2530"]
[PlyCount "45"]
[EventDate "2010.??.??"]
[WhiteTeam "Switzerland"]
[BlackTeam "Denmark"]
[WhiteTeamCountry "SUI"]
[BlackTeamCountry "DEN"]
[TimeControl "40/5400+30:1800+30"]

1. e4 c6 2. d4 d5 3. Nc3 dxe4 4. Nxe4 Nd7 5. Ng5 Ngf6 6. Bc4 e6 7. Qe2 Nb6 8.
Bd3 h6 9. N5f3 c5 10. Be3 a6 11. c3 Qc7 12. Ne5 Nbd5 13. Ngf3 Bd6 14. O-O O-O
15. Bd2 b6 16. Rfe1 Bb7 17. Rac1 cxd4 18. cxd4 Qe7 19. a3 b5 20. Nc6 Bxc6 21.
Rxc6 Rfc8 22. Rec1 Rxc6 23. Rxc6 1/2-1/2

[Event "39th Olympiad Khanty-Mansiysk 2010"]
[Site "Khanty-Mansiysk/Russia"]
[Date "2010.09.22"]
[Round "1"]
[White "Sebenik, Matej"]
[Black "Feller, Sebastien"]
[Result "1/2-1/2"]
[WhiteElo "2516"]
[BlackElo "2649"]
[PlyCount "83"]
[EventDate "2010.??.??"]
[WhiteTeam "Slovenia"]
[BlackTeam "France"]
[WhiteTeamCountry "SLO"]
[BlackTeamCountry "FRA"]
[TimeControl "40/5400+30:1800+30"]

1. d4 Nf6 2. c4 e6 3. g3 c5 4. d5 exd5 5. cxd5 d6 6. Nc3 g6 7. Bg2 Bg7 8. Nf3
O-O 9. O-O Re8 10. Nd2 a6 11. a4 Nbd7 12. h3 Rb8 13. a5 b5 14. axb6 Nxb6 15.
Nb3 Nc4 16. Ra4 Rb4 17. Rxb4 cxb4 18. Nb1 Nd7 19. N1d2 Nxb2 20. Bxb2 Bxb2 21.
Nc4 Qf6 22. e4 Bc3 23. f4 Qd8 24. Nba5 Qc7 25. Nc6 Nb8 26. e5 Nxc6 27. Nxd6 Bd7
28. dxc6 Bxc6 29. Nxe8 Bxe8 30. Qd5 Qb6+ 31. Kh2 b3 32. Qc4 Bd4 33. f5 b2 34.
fxg6 hxg6 35. e6 fxe6 36. Qc8 b1=Q 37. Qxe8+ Kh7 38. Rxb1 Qxb1 39. Qd7+ Bg7 40.
Qxe6 a5 41. h4 Qf5 42. Qxf5 1/2-1/2

[Event "39th Olympiad Khanty-Mansiysk 2010"]
[Site "Khanty-Mansiysk/Russia"]
[Date "2010.09.22"]
[Round "1"]
[White "Adhiban, Baskaran"]
[Black "Salov, Sergej"]
[Result "1-0"]
[WhiteElo "2516"]
[BlackElo "2271"]
[PlyCount "103"]
[EventDate "2010.??.??"]
[WhiteTeam "India"]
[BlackTeam "ICS"]
[WhiteTeamCountry "IND"]
[TimeControl "40/5400+30:1800+30"]

1. e4 c5 2. Nf3 e6 3. d4 cxd4 4. Nxd4 a6 5. Bd3 Bc5 6. Nb3 Be7 7. Qg4 Bf6 8.
N1d2 Nc6 9. Qg3 d6 10. O-O Nge7 11. Nc4 e5 12. Be3 Be6 13. Nb6 Rb8 14. c4 Ng6
15. Nd5 Bh4 16. Qf3 O-O 17. g3 Bg5 18. Bb6 Qd7 19. h4 Bg4 20. Qh1 Bd8 21. h5
Nge7 22. h6 Ng6 23. Bxd8 Qxd8 24. Ne3 Be6 25. Nf5 Qg5 26. hxg7 Rfe8 27. Qg2
Bxf5 28. exf5 Nge7 29. Qh3 Qxg7 30. f6 Qxf6 31. Qxh7+ Kf8 32. Nd2 Qg7 33. Qh5
Ng6 34. Qg5 Nd4 35. Rae1 Ne6 36. Qg4 Nc5 37. Bc2 a5 38. Nf3 Ne7 39. Ng5 f6 40.
Ne6+ Nxe6 41. Qxe6 Rbd8 42. Re4 Ng6 43. Qf5 Nf4 44. Rd1 Re7 45. Kf1 Ne6 46. Rg4
Qh6 47. Kg2 Nd4 48. Rdxd4 exd4 49. Rg6 Qh8 50. Rxf6+ Kg8 51. Rg6+ Rg7 52. Qe6+
1-0

[Event "39th Olympiad Khanty-Mansiysk 2010"]
[Site "Khanty-Mansiysk/Russia"]
[Date "2010.09.22"]
[Round "1"]
[White "Ju, Wenjun"]
[Black "Bjerke, Silje"]
[Result "1-0"]
[WhiteElo "2516"]
[BlackElo "2205"]
[PlyCount "69"]
[EventDate "2010.??.??"]
[WhiteTeam "China"]
[BlackTeam "Norway"]
[WhiteTeamCountry "CHN"]
[BlackTeamCountry "NOR"]
[TimeControl "40/5400+30:1800+30"]

1. d4 Nf6 2. c4 g6 3. g3 Bg7 4. Bg2 d5 5. cxd5 Nxd5 6. Nf3 Nb6 7. O-O Nc6 8. e3
O-O 9. Nc3 e5 10. d5 Na5 11. e4 c6 12. Be3 cxd5 13. exd5 Nac4 14. Bc5 Re8 15.
b3 e4 16. Nd4 Nxd5 17. Nxe4 Rxe4 18. Bxe4 Nc3 19. Nc6 Qe8 20. Ne7+ Kh8 21. Qd3
Nd2 22. Qxd2 Nxe4 23. Qe3 f5 24. Rad1 Be6 25. Ba3 Bf6 26. f3 Ng5 27. Qxg5 Qf7
28. Qe3 Bxe7 29. Bxe7 Qxe7 30. Rfe1 Re8 31. Qxa7 Kg8 32. Qb6 Qf7 33. Rd8 Rxd8
34. Qxd8+ Kg7 35. Rc1 1-0

[Event "39th Olympiad Khanty-Mansiysk 2010"]
[Site "Khanty-Mansiysk/Russia"]
[Date "2010.09.22"]
[Round "1"]
[White "Babula, Vlastimil"]
[Black "Toufighi, Homayoon"]
[Result "1/2-1/2"]
[WhiteElo "2515"]
[BlackElo "2499"]
[PlyCount "81"]
[EventDate "2010.??.??"]
[WhiteTeam "Czech Republic"]
[BlackTeam "Iran"]
[WhiteTeamCountry "CZE"]
[BlackTeamCountry "IRI"]
[TimeControl "40/5400+30:1800+30"]

1. d4 e6 2. c4 d5 3. Nc3 Be7 4. Nf3 Nf6 5. Bg5 h6 6. Bh4 O-O 7. e3 Ne4 8. Bxe7
Qxe7 9. Rc1 c6 10. Be2 Nxc3 11. Rxc3 dxc4 12. Bxc4 Nd7 13. O-O b6 14. Bd3 c5
15. Be4 Rb8 16. Qc2 Nf6 17. Bc6 cxd4 18. Nxd4 e5 19. Nf5 Bxf5 20. Qxf5 Rfd8 21.
Rfc1 Rd2 22. Ba4 Rbd8 23. h3 g6 24. Qf3 e4 25. Qg3 Nh5 26. Qc7 Qf6 27. Rf1 Ng7
28. Qxa7 Nf5 29. Rc6 Qg5 30. Bb3 R8d7 31. Qb8+ Kh7 32. Qe5 Re7 33. Qf6 Qxf6 34.
Rxf6 Nd6 35. f3 exf3 36. R1xf3 Kg7 37. e4 b5 38. Bd5 Rd7 39. Rf2 Rxd5 40. exd5
Ne4 41. R6f4 1/2-1/2

[Event "39th Olympiad Khanty-Mansiysk 2010"]
[Site "Khanty-Mansiysk/Russia"]
[Date "2010.09.22"]
[Round "1"]
[White "Barsov, Alexei"]
[Black "Gerzhoy, Leonid"]
[Result "1-0"]
[WhiteElo "2509"]
[BlackElo "2485"]
[PlyCount "155"]
[EventDate "2010.??.??"]
[WhiteTeam "Uzbekistan"]
[BlackTeam "Canada"]
[WhiteTeamCountry "UZB"]
[BlackTeamCountry "CAN"]
[TimeControl "40/5400+30:1800+30"]

1. d4 d5 2. c4 e6 3. Nc3 Be7 4. Nf3 Nf6 5. Bf4 O-O 6. e3 c5 7. dxc5 Bxc5 8. Rc1
Nc6 9. cxd5 exd5 10. a3 a6 11. Be2 d4 12. Nb5 axb5 13. Rxc5 b4 14. Nxd4 bxa3
15. bxa3 Ne4 16. Rc1 Qa5+ 17. Kf1 Nxd4 18. exd4 Qxa3 19. Qd3 Qe7 20. f3 Nf6 21.
d5 Nh5 22. Bd2 Qh4 23. Be1 Qg5 24. Qd2 Qe5 25. Bf2 Rd8 26. Bc4 Ra1 27. Bb6
Rxc1+ 28. Qxc1 Re8 29. Kf2 Qd6 30. Be3 Bd7 31. Qd2 Nf6 32. Qd4 h5 33. h4 b5 34.
Bb3 Bf5 35. Qc5 Qe5 36. Qd4 Qd6 37. Ra1 Bg6 38. Bf4 Qd7 39. d6 Kh7 40. Bg5 Qf5
41. Bxf6 gxf6 42. Re1 Rd8 43. Re7 Kg7 44. d7 Qb1 45. Qd5 Qb2+ 46. Re2 Qa3 47.
Rd2 Qa7+ 48. Rd4 Qa1 49. g4 Qh1 50. gxh5 Qh2+ 51. Kf1 Qh1+ 52. Ke2 Qg2+ 53. Ke3
Qg1+ 54. Kd2 Qf2+ 55. Kc3 Qe1+ 56. Kb2 Qb1+ 57. Kc3 Qe1+ 58. Rd2 b4+ 59. Kc4
Qc1+ 60. Kb5 Rb8+ 61. Ka5 Qa3+ 62. Ba4 b3 63. Rd4 b2 64. hxg6 Qf8 65. Bc2 Qd8+
66. Ka4 fxg6 67. Qe4 Ra8+ 68. Kb3 Rb8+ 69. Rb4 Rxb4+ 70. Kxb4 f5 71. Qd4+ Kf7
72. Kc3 Ke7 73. Qg7+ Kd6 74. Qxg6+ Kc7 75. Qxf5 Qh8+ 76. Kb3 Qxh4 77. Qd5 Kd8
78. Qa5+ 1-0

[Event "39th Olympiad Khanty-Mansiysk 2010"]
[Site "Khanty-Mansiysk/Russia"]
[Date "2010.09.22"]
[Round "1"]
[White "Bindrich, Falko"]
[Black "Hamitevici, Vladimir"]
[Result "1/2-1/2"]
[WhiteElo "2507"]
[BlackElo "2415"]
[PlyCount "129"]
[EventDate "2010.??.??"]
[WhiteTeam "Germany"]
[BlackTeam "Moldova"]
[WhiteTeamCountry "GER"]
[BlackTeamCountry "MDA"]
[TimeControl "40/5400+30:1800+30"]

1. d4 Nf6 2. c4 c5 3. Nf3 cxd4 4. Nxd4 a6 5. Nc3 d5 6. cxd5 Nxd5 7. Bd2 e5 8.
Nb3 Nc6 9. g3 Be7 10. Bg2 Be6 11. O-O f6 12. Na4 Bf7 13. Rc1 O-O 14. Nac5 Bxc5
15. Rxc5 Qd6 16. Ba5 Nd4 17. Rc1 Nxb3 18. axb3 Qe6 19. Qd3 b6 20. Bxb6 Nxb6 21.
Rc6 Qd7 22. Rxb6 Qxd3 23. exd3 Rfb8 24. Rd6 Ra7 25. Ra1 a5 26. b4 a4 27. b5 Ra5
28. Bc6 Kf8 29. Rc1 Ra7 30. d4 exd4 31. Rxd4 Be8 32. Rcc4 Rc7 33. Rxa4 Bxc6 34.
bxc6 Rxb2 35. Ra8+ Ke7 36. Rg8 Ke6 37. Re8+ Kf5 38. Rg8 Ke6 39. g4 Ke5 40. Rd3
Kf4 41. Kg2 g6 42. Rd4+ Ke5 43. Rc4 Rb6 44. Re8+ Kd5 45. Rc1 Rcxc6 46. Rd1+ Kc5
47. Re7 Rb4 48. Kg3 h5 49. h3 hxg4 50. hxg4 g5 51. Rd3 Rd4 52. Rf3 Rdd6 53.
Rfe3 Rd4 54. Rf7 Rf4 55. Rf8 Rd6 56. Rc8+ Kd5 57. Ra8 Kc6 58. Ra6+ Kd7 59. Ra7+
Kc6 60. Rc3+ Kd5 61. f3 Rd4 62. Ra5+ Ke6 63. Re3+ Kf7 64. Ra7+ Rd7 65. Rxd7+
1/2-1/2

[Event "39th Olympiad Khanty-Mansiysk 2010"]
[Site "Khanty-Mansiysk/Russia"]
[Date "2010.09.22"]
[Round "1"]
[White "Nedev, Trajko"]
[Black "Gonzalez Zamora, Juan Car"]
[Result "0-1"]
[WhiteElo "2505"]
[BlackElo "2564"]
[PlyCount "92"]
[EventDate "2010.??.??"]
[WhiteTeam "MKD"]
[BlackTeam "Mexico"]
[BlackTeamCountry "MEX"]
[TimeControl "40/5400+30:1800+30"]

1. e4 c5 2. Nf3 e6 3. Nc3 a6 4. d4 cxd4 5. Nxd4 Qc7 6. Bd3 Nf6 7. f4 Bb4 8. O-O
d6 9. Kh1 Bxc3 10. bxc3 Nbd7 11. Qe1 b6 12. c4 Bb7 13. Nb3 e5 14. a4 Qc6 15.
fxe5 dxe5 16. a5 Nxe4 17. Bxe4 Qxe4 18. Qf2 Qxc4 19. axb6 Qe6 20. Na5 Be4 21.
Ba3 Rc8 22. b7 Rxc2 23. Qa7 Bxg2+ 24. Kg1 f6 25. Rf2 Rxf2 26. b8=Q+ Nxb8 27.
Qxb8+ Kf7 28. Qa7+ Kg6 29. Qxf2 Bd5 30. Rc1 Rc8 31. Nb3 Qg4+ 32. Qg3 Qxg3+ 33.
hxg3 Rxc1+ 34. Nxc1 Bc4 35. Kf2 Kf5 36. Bf8 g5 37. Ne2 Bxe2 38. Kxe2 a5 39. Kf3
h5 40. Ba3 a4 41. Bb2 Ke6 42. Ba3 f5 43. Bc1 Kf6 44. Bb2 Ke6 45. Bc1 f4 46.
gxf4 gxf4 0-1